 Dungeon Crawl Stone Soup version 0.26-a0-466-g989023bd0d (webtiles) character file.

Game seed: 1089831511303576490

2027 pk666 the Thaumaturge (level 9, -1/45 HPs)
             Began as a Deep Elf Hedge Wizard on Aug 9, 2020.
             Was an Initiate of Vehumet.
             Slain by a water moccasin skeleton (5 damage)
             ... on level 7 of the Dungeon.
             The game lasted 00:30:50 (10661 turns).

pk666 the Thaumaturge (Deep Elf Hedge Wizard)      Turns: 10661, Time: 00:30:51

Health: -1/45      AC:  3    Str:  7    XL:     9   Next: 3%
Magic:  3/24       EV: 13    Int: 23    God:    Vehumet [......]
Gold:   417        SH:  0    Dex: 14    Spells: 16/27 levels left

rFire    . . .     SeeInvis +   a - +0 dagger
rCold    . . .     Faith    .   (no shield)
rNeg     . . .     Spirit   .   b - +0 robe
rPois    .         Reflect  .   c - +0 hat
rElec    .         Harm     .   (no cloak)
rCorr    +                      (no gloves)
MR       .....                  D - +0 pair of boots
Stlth    ++........             (no amulet)
HPRegen  0.15/turn              r - ring of see invisible
MPRegen  0.19/turn              v - ring of resist corrosion

@: studying Poison Magic
A: no striking features
a: Renounce Religion


You were on level 7 of the Dungeon.
You worshipped Vehumet.
Vehumet was noncommittal.
You visited 2 branches of the dungeon, and saw 8 of its levels.

You collected 417 gold pieces.

Inventory:

Hand Weapons
 a - a +0 dagger (weapon)
Armour
 b - a +0 robe (worn)
 c - a +0 hat (worn)
 D - a +0 pair of boots (worn)
Jewellery
 r - a ring of see invisible (left hand)
 v - a ring of resist corrosion (right hand)
Wands
 q - a wand of flame (11)
Scrolls
 e - 2 scrolls of identify
 h - a scroll of amnesia {unknown}
 i - 3 scrolls of remove curse
 k - a scroll of fear {unknown}
 o - 3 scrolls of enchant weapon
 p - a scroll of blinking {unknown}
 s - a scroll of fog {unknown}
 t - a scroll of enchant armour {unknown}
 u - a scroll of noise {unknown}
 w - a scroll of teleportation {unknown}
 y - a scroll of immolation {unknown}
Potions
 f - 3 potions of might
 g - 3 potions of lignification
 j - 4 potions of curing
 l - a potion of resistance {unknown}
 m - 3 potions of brilliance
 n - a potion of stabbing {unknown}
 A - a potion of invisibility {unknown}
 B - a potion of ambrosia {unknown}
 C - a potion of flight {unknown}
 E - a potion of magic {unknown}
Books
 x - a manual of Poison Magic


   Skills:
 - Level 2.4 Dodging
 - Level 2.4 Stealth
 + Level 9.6 Spellcasting
 + Level 7.1 Conjurations
 - Level 2.0 Summonings
 - Level 2.0 Translocations
 + Level 6.7 Fire Magic
 - Level 2.0 Air Magic
 - Level 2.0 Poison Magic


You had 16 spell levels left.
You knew the following spells:

 Your Spells              Type           Power        Failure   Level
a - Magic Dart            Conj           ####         1%          1
b - Blink                 Tloc           N/A          4%          2
c - Conjure Flame         Conj/Fire      #####...     1%          3
d - Mephitic Cloud        Conj/Pois/Air  ####....     3%          3
e - Call Imp              Summ           ###.....     4%          2

Your spell library contained the following spells:

 Spells                   Type           Power        Failure   Level
 Animate Skeleton         Necr           ##....       6%          1
 Pain                     Necr           ##..         6%          1
 Slow                     Hex            ##......     9%          2
 Vampiric Draining        Necr           ##........   19%         3
 Animate Dead             Necr           ##........   52%         4
 Agony                    Necr           ##......     86%         5


Dungeon Overview and Level Annotations

Branches:
Dungeon (7/15)             Temple (1/1) D:6

Altars:
Cheibriados
Dithmenos
Elyvilon
Kikubaaqudgha
Okawaru
Ru
Sif Muna
Trog
Uskayaw
Vehumet
Wu Jian
Xom
Yredelemnul

Annotations:
D:5 Grinder


Message History

Confirm with . or Enter, or press ? or * to list all spells.
Aiming: Magic Dart (safe; 1% risk of failure)
Press: ? - help, Shift-Dir - straight line, f - water moccasin skeleton
Aim: a water moccasin skeleton (lightly damaged)
The magic dart hits the water moccasin skeleton.
The water moccasin skeleton is moderately damaged.
The water moccasin skeleton closely misses you.
The water moccasin skeleton bites you.
* * * LOW HITPOINT WARNING * * *
What are your orders? t - Shout!
Orders for allies: a - Attack new target. p - Attack previous target. r - Retreat! s - Stop attacking. g - Guard the area. f - Follow me.
Anything else - Cancel.
Gang up on whom?
Press: ? - help, Dir - move target cursor, f/p - water moccasin skeleton
Aim: a water moccasin skeleton (moderately damaged) Attack!
The water moccasin skeleton bites you.
You die...

†....#.......#
..†.†.....####
......#..##
.....)...#
......#..# ###
..###.######.#####
....#..##..#.##..#
.......#.........##
......###...55†Z@.#
.>..####.....##.###
.....##......####
..........5..#
.............# ####
..#..........###..##
.......5......#....#
..........##.......#
..##....#..........#


You could see a water moccasin skeleton, a friendly crimson imp (summoned) and a
friendly white imp (summoned).

Vanquished Creatures
  A sky beast (D:7)
  2 phantoms
  An ogre (D:6)
  A centaur (D:4)
  2 bullfrogs
  3 scorpions
  A wight (D:7)
  2 bullfrog zombies
  4 hounds
  A jelly (D:6)
  A gnoll shaman (D:4)
  An orc priest (D:3)
  Jessica (D:2)
  2 iguanas
  6 orc wizards
  3 worker ants
  A killer bee zombie (D:6)
  A hound zombie (D:5)
  7 gnolls
  A worker ant zombie (D:5)
  4 adders
  2 shadow imps
  An ufetubus (D:5)
  2 oozes
  An adder skeleton (D:5)
  An adder zombie (D:6)
  4 worms
  A dart slug (D:5)
  2 leopard geckos
  21 orcs
  A giant cockroach (D:3)
  15 goblins
  14 hobgoblins
  6 jackals
  4 kobolds
  7 quokkas
  A ball python (D:4)
  3 bats
  3 frilled lizards
  A leopard gecko skeleton (D:4)
  A leopard gecko zombie (D:5)
  A quokka skeleton (D:6)
  4 rats
142 creatures vanquished.

Vanquished Creatures (collateral kills)
  An ice beast (D:5)
  An orc warrior (D:7)
  A phantom (D:4)
  A centaur (D:4)
  A bullfrog (D:6)
  A wight (D:7)
  A hound (D:7)
  A centaur skeleton (D:4)
  Robin (D:2)
  2 adders
  2 orcs
  A hobgoblin (D:2)
  A jackal (D:4)
  6 goblins (D:2)
21 creatures vanquished.

Grand Total: 163 creatures vanquished

Notes
Turn   | Place    | Note
-------+----------+-------------------------------------------
     0 | D:1      | pk666 the Deep Elf Hedge Wizard began the quest for the
                  | Orb.
     0 | D:1      | Reached XP level 1. HP: 10/10 MP: 7/7
   517 | D:1      | Reached XP level 2. HP: 15/15 MP: 7/9
   565 | D:1      | Learned a level 2 spell: Blink
  1109 | D:2      | Reached skill level 5 in Spellcasting
  1178 | D:2      | Noticed Jessica
  1182 | D:2      | Killed Jessica
  1182 | D:2      | Reached XP level 3. HP: 19/19 MP: 6/11
  1187 | D:2      | Learned a level 3 spell: Conjure Flame
  1191 | D:2      | Learned a level 3 spell: Mephitic Cloud
  1194 | D:2      | Learned a level 2 spell: Call Imp
  1611 | D:2      | Reached XP level 4. HP: 24/24 MP: 4/13
  1626 | D:2      | Noticed Robin
  2134 | D:2      | Killed Robin
  2253 | D:2      | Reached skill level 1 in Poison Magic
  2372 | D:3      | Reached skill level 1 in Air Magic
  2384 | D:3      | Reached skill level 1 in Fire Magic
  2924 | D:3      | Reached XP level 5. HP: 27/28 MP: 6/15
  3617 | D:4      | Noticed a phantom
  3888 | D:4      | Killed a phantom
  3888 | D:4      | Reached skill level 6 in Spellcasting
  3888 | D:4      | Reached XP level 6. HP: 13/32 MP: 0/17
  5088 | D:4      | HP: 1/32 [centaur/arrow (3)]
  5403 | D:4      | Reached XP level 7. HP: 36/36 MP: 4/19
  5952 | D:4      | Reached skill level 7 in Spellcasting
  6648 | D:5      | Entered Level 5 of the Dungeon
  6710 | D:5      | Reached skill level 5 in Conjurations
  7302 | D:5      | Noticed a +0 hand axe
  7303 | D:5      | Noticed a +0 dagger
  7304 | D:5      | Found a hide-covered altar of Uskayaw.
  7343 | D:5      | Noticed Grinder
  7577 | D:5      | Reached XP level 8. HP: 24/41 MP: 14/21
  8004 | D:5      | Reached skill level 8 in Spellcasting
  8550 | D:6      | Reached skill level 5 in Fire Magic
  9387 | D:6      | Found a staircase to the Ecumenical Temple.
  9389 | D:6      | Found a faded altar of an unknown god.
  9396 | Temple   | Entered the Ecumenical Temple
  9449 | Temple   | Became a worshipper of Vehumet
  9855 | D:6      | Reached skill level 9 in Spellcasting
 10624 | D:7      | Reached XP level 9. HP: 45/45 MP: 11/24
 10661 | D:7      | Slain by a water moccasin skeleton

Illustrated notes

Levels and vault maps discovered:
D:1:      giann_horns, layout_basic
D:2:      cheibrodos_greedy_goblins, layout_basic, uniq_robin, uniq_jessica
D:3:      layout_basic, hangedman_decor_points, serial_park_tiny_pond
D:4:      layout_loops_ring, minmay_misc_feat_alley, minmay_manual_mares
D:5:      layout_loops_ring, dancing_weapons_uskayaw, kennysheep_nub,
          grunt_ministairs_5, nrook_pool_corridor, uniq_grinder
D:6:      layout_loops_ring, nicolae_temple_entry_ecumenical,
          nrook_loot_triangle
D:7:      layout_cave_pools, lemuel_coloured_pillars_altar, st_stairs_13
Temple:   minmay_temple_bridge_abc

Skill      XL: |  1  2  3  4  5  6  7  8 |
---------------+-------------------------+-----
Conjurations   | 2 3 4 5 7 |  7.1
Spellcasting   | 5 6 7 9 |  9.6
Translocations | 2 |  2.0
Poison Magic   | 1 2 |  2.0
Air Magic      | 1 2 |  2.0
Fire Magic     | 1 2 3 4 6 |  6.7
Summonings     | 2 |  2.0
Dodging        | |  2.4
Stealth        | |  2.4

Action                   |  1- 3 |  4- 6 |  7- 9 || total
-------------------------+-------+-------+-------++-------
Melee: Dagger            |     2 |     7 |     9 ||    18
 Cast: Magic Dart        |    68 |   162 |   291 ||   521
       Call Imp          |     1 |    23 |    25 ||    49
       Mephitic Cloud    |       |     9 |    15 ||    24
       Conjure Flame     |       |     7 |    13 ||    20
       Blink             |       |     1 |     3 ||     4
  Use: Scroll            |       |       |     7 ||     7
       Potion            |       |       |     1 ||     1
Armor: Robe              |     1 |     5 |    10 ||    16
Dodge: Dodged            |     5 |    22 |    58 ||    85

Table legend: (Time is in decaauts)
 A = Elapsed time spent in this place.
 B = Non-inter-level travel time spent in this place.
 C = Inter-level travel time spent in this place.
 D = Time resting spent in this place.
 E = Time spent auto-exploring this place.
 F = Levels seen in this place.
 G = Mean time per level.
                   A        B        C        D        E       F      G
               +--------+--------+--------+--------+--------+-----+--------+
         Total |  10666 |  10404 |    262 |   4054 |   4612 |   8 | 1333.2 |
       Dungeon |  10471 |  10231 |    240 |   4054 |   4448 |   7 | 1495.9 |
        Temple |    195 |    173 |     22 |      0 |    164 |   1 |  195.0 |
               +--------+--------+--------+--------+--------+-----+--------+

Top non-repeatable levels by time:
     D:4: 2512 daAuts
     D:3: 1921 daAuts
     D:6: 1692 daAuts
     D:5: 1661 daAuts
     D:2: 1283 daAuts
     D:1: 1045 daAuts
     D:7: 354 daAuts
  Temple: 195 daAuts
